 Dungeon Crawl Stone Soup version 0.31-a0-1576-ga3383bade6 (webtiles) character file.

Game seed: 8205772705595845456

581 grandjackal the Trooper (level 7, 0/47 (56) HPs)
             Began as a Demonspawn Gladiator on Jan 4, 2024.
             Slain by a wight
             ... wielding a +0 dire flail
              (1 damage)
             ... on level 5 of the Dungeon.
             The game lasted 00:03:32 (3897 turns).

grandjackal the Trooper (Demonspawn Gladiator)      Turns: 3897, Time: 00:03:33

HP:   0/47 (56)     AC:  8    Str: 17    XL:     7   Next: 14%
MP:   7/7           EV: 12    Int:  8    God:
Gold: 253           SH:  0    Dex: 14    Spells: 6/6 levels left

rFire   . . .        a - +0 war axe
rCold   . . .        b - orb {*Rage}
rNeg    . . .        y - +0 acid dragon scales
rPois   .            c - +0 helmet
rElec   .            n - +0 cloak
rCorr   +            (no gloves)
SInv    .            (no boots)
Will    .....        (no amulet)
Stlth   +            (no ring)
HPRegen 0.27/turn    (no ring)
MPRegen 0.10/turn

%: random rage (20%)
@: heavily drained
A: ignite blood 1, demonic magic 1
a: no special abilities


You were on level 5 of the Dungeon.
You visited 1 branch of the dungeon, and saw 5 of its levels.

You collected 253 gold pieces.

Inventory:

Hand Weapons
 a - a +0 war axe (weapon)
 p - a +0 whip of venom
 v - a +0 mace of protection
Missiles
 d - 3 throwing nets (quivered)
 e - a javelin
Armour
 b - an orb of wrath (worn)
 c - a +0 helmet (worn)
 n - a +0 cloak (worn)
 y - +0 acid dragon scales (worn)
Jewellery
 r - an amulet of faith
Wands
 s - a wand of charming (8)
Scrolls
 f - a scroll of vulnerability {unknown}
 g - 4 scrolls of identify {unknown}
 i - a scroll of noise {unknown}
 j - 2 scrolls of revelation {unknown}
 l - 3 scrolls of teleportation {unknown}
 m - a scroll of amnesia {unknown}
 t - a scroll of torment {unknown}
 w - a scroll of fog {unknown}
 A - a scroll of enchant armour {unknown}
Potions
 h - 2 potions of heal wounds {unknown}
 k - a potion of resistance {unknown}
 o - a potion of berserk rage {unknown}
 q - a potion of might {unknown}
 u - a potion of curing {unknown}
 x - a potion of enlightenment {unknown}
 z - a potion of degeneration {unknown}


   Skills:
 + Level 5.5 Fighting
 + Level 5.5 Axes
 - Level 2.0 Throwing
 - Level 3.0 Dodging


You had 6 spell levels left.
You didn't know any spells.
Your spell library was empty.

Dungeon Overview and Level Annotations

Branches:
Dungeon (5/15)
 Temple: D:4-7

Altars:
Ashenzari
Fedhas
Nemelex Xobeh
Xom


Innate Abilities, Weirdness & Mutations

Your demonic aura sometimes causes spilled blood to erupt in flames.
Spells you cast may paralyse adjacent enemies.


Message History

There are monsters nearby!
There are monsters nearby!
A wight comes into view. It is wielding a +3 morningstar.
The wight hits you with a +0 dire flail.
You feel drained. The wight closely misses you.
The wight hits you with a +3 dire flail.
You feel drained.
You hit the wight but do no damage. You hit the wight. x2
The wight misses you.
Unknown command.
You hit the wight.
The wight is heavily damaged.
You hit the wight. You hit the wight but do no damage. x2
The wight misses you. The wight hits you with a +3 spear!
You feel drained.
The wight hits you with a +3 morningstar!
You feel drained. The wight barely misses you.
Unknown command.
You are too injured to fight recklessly!
Unknown command.
You are too injured to fight recklessly!
Unknown command.
You are too injured to fight recklessly!
Unknown command.
You slash the wight!
The wight is heavily damaged.
You hit the wight. You closely miss the wight. You barely miss the wight.
The wight barely misses you. x2; The wight hits you with a +3 spear!
You feel drained.
The wight hits you with a +3 dire flail.
* * * LOW HITPOINT WARNING * * *
You feel drained.
* * * LOW HITPOINT WARNING * * *
Unknown command.
You hit the wight but do no damage.
The wight is heavily damaged.
You completely miss the wight. You closely miss the wight. You hit the wight.
The wight hits you with a +0 dire flail!
* * * LOW HITPOINT WARNING * * *
You feel drained.
You die...

#.#.# #######..#....#...
#.#.# ##..[...<.#.......
#.#.# ##.#.###...###.####
###<#.###.###.##...###.....
#........## ##.............
#.###.###.###.###.#######..
... #.# #.#.####....####..
#.##
#.#####................ #
..#..z@z########.####..
###...zz# #.# #.. #.......
##^####.. #......##
......... #......#
##....... ###.##.# #####.##
#. .# #.#. #. .# #... #...


You could see 4 wights.

Vanquished Creatures
  An acid dragon (D:5)
  An ogre (D:4)
  A phantom (D:5)
  A bombardier beetle (D:5)
  2 jellies (D:4)
  Jessica (D:2)
  A sleepcap (D:5)
  2 orc wizards
  4 adders
  3 dart slugs
  8 orcs
  5 ball pythons
  6 bats
  13 endoplasms
  3 giant cockroaches
  6 goblins
  7 hobgoblins
  2 jackals (D:2)
  A quokka (D:2)
  4 frilled lizards
  5 kobolds
  4 rats
81 creatures vanquished.

Notes
Turn   | Place    | Note
-------+----------+-------------------------------------------
     0 | D:1      | grandjackal the Demonspawn Gladiator began the quest for
                  | the Orb.
     0 | D:1      | Reached XP level 1. HP: 16/16 MP: 1/1
    54 | D:1      | You fall into a shaft and drop 1 floor!
    66 | D:1      | Gained mutation: Your demonic aura sometimes causes spilled
                  | blood to erupt in flames. [demonic ancestry]
    66 | D:1      | Reached XP level 2. HP: 17/22 MP: 2/2
   250 | D:1      | Found a faded altar of an unknown god.
   430 | D:1      | Gained mutation: Spells you cast may paralyse adjacent
                  | enemies. [demonic ancestry]
   430 | D:1      | Reached XP level 3. HP: 26/28 MP: 3/3
   969 | D:2      | Found a shimmering altar of Xom.
  1034 | D:2      | Noticed Jessica
  1039 | D:2      | Killed Jessica
  1040 | D:2      | Reached XP level 4. HP: 35/35 MP: 4/4
  1720 | D:3      | Found a sparkling altar of Nemelex Xobeh.
  1924 | D:3      | Found a blossoming altar of Fedhas.
  2049 | D:3      | Reached XP level 5. HP: 42/42 MP: 5/5
  2149 | D:3      | Found Qiton's Vocational Training.
  2778 | D:4      | Noticed an ogre
  2789 | D:4      | Killed an ogre
  2966 | D:4      | Reached XP level 6. HP: 49/49 MP: 6/6
  3447 | D:5      | Entered Level 5 of the Dungeon
  3510 | D:5      | Noticed an acid dragon
  3515 | D:5      | Killed an acid dragon
  3516 | D:5      | Reached skill level 5 in Fighting
  3516 | D:5      | Reached skill level 5 in Axes
  3531 | D:5      | Reached XP level 7. HP: 56/56 MP: 7/7
  3687 | D:5      | Found a broken altar of Ashenzari.
  3897 | D:5      | HP: 1/49 [wight/+0 dire flail (10)]
  3897 | D:5      | Slain by a wight

Illustrated notes

Levels and vault maps discovered:
D:1:      giann_bridges, layout_basic, hellmonk_ecumenical_altar_crossroads
D:2:      cheibrodos_helix_gallery, layout_basic, basic_altar, uniq_jessica
D:3:      layout_basic, mainiacjoe_overflow_catch_the_wave, hex_tiny,
          nicolae_shop_vocational
D:4:      nicolae_BIG_FREAKIN_CUBE, layout_cave_pools
D:5:      layout_loops_ring, evilmike_ruin_ashenzari, uniq_crazy_yiuf_cottage

Skill      XL: |  1  2  3  4  5  6 |
---------------+-------------------+-----
Throwing       | 2 |  2.0
Dodging        | 3 |  3.0
Axes           | 3 4 5 |  5.5
Fighting       | 3 4 5 |  5.5

Action                     |  1- 3 |  4- 6 |  7- 9 || total
---------------------------+-------+-------+-------++-------
  Melee: War axe           |   104 |   119 |     9 ||   232
         Punch             |     2 |       |       ||     2
   Stab: Sleeping          |     1 |       |       ||     1
 Armour: Leather armour    |    73 |    11 |       ||    84
         Ring mail         |       |    16 |       ||    16
         Scale mail        |       |    48 |       ||    48
         Acid dragon scale |       |       |     8 ||     8
  Dodge: Dodged            |    86 |    52 |     8 ||   146

Table legend: (Time is in decaauts)
 A = Elapsed time spent in this place.
 B = Non-inter-level travel time spent in this place.
 C = Inter-level travel time spent in this place.
 D = Time resting spent in this place.
 E = Time spent auto-exploring this place.
 F = Levels seen in this place.
 G = Mean time per level.
                   A        B        C        D        E       F      G
               +--------+--------+--------+--------+--------+-----+--------+
         Total |   4176 |   4091 |     85 |    892 |   2502 |   5 |  835.2 |
       Dungeon |   4176 |   4091 |     85 |    892 |   2502 |   5 |  835.2 |
               +--------+--------+--------+--------+--------+-----+--------+

Top non-repeatable levels by time:
     D:3: 1260 daAuts
     D:1: 945 daAuts
     D:4: 825 daAuts
     D:2: 656 daAuts
     D:5: 488 daAuts
